 Dungeon Sprint DCSS version 0.19-a0-262-g5df7875 (webtiles) character file.

32636 Kidiri the Bludgeoner (level 13, -2/132 HPs)
             Began as a Minotaur Fighter on May 25, 2016.
             Was the Champion of the Shining One.
             Slain by an ice dragon (9 damage)
             ... in the Dungeon (Sprint IX: "|||||||||||||||||||||||||||||").
             The game lasted 00:13:35 (3983 turns).

Kidiri the Bludgeoner (Minotaur Fighter)            Turns: 3983, Time: 00:13:35

Health: -2/132     AC: 25    Str: 28    XL:     13   Next: 32%
Magic:  19/19      EV: 17    Int:  5    God:    the Shining One [******]
Gold:   406        SH: 33    Dex: 12    Spells: 0 memorised, 12 levels left

rFire  . . .     SeeInvis +     a - +0 flail
rCold  . . .     Gourm    .     r - +3 chain mail
rNeg   + + +     Faith    .     s - +1 large shield
rPois  +         Spirit   .     (helmet restricted)
rElec  .         Dismiss  .     F - +1 cloak
rCorr  .         Reflect  .     E - +0 pair of gloves
SustAt .         Harm     .     p - +0 pair of boots
MR     .....     NoTele   +     f - amulet of regeneration
Stlth  ..........               t - +2 ring of evasion
                                j - ring "Jiommu Fiwn" {rPois Str+4 SInv Stlth+}

@: divine shield, glowing, not resistant to hostile enchantments, extremely
unstealthy
A: retaliatory headbutt, horns 2, slimy green scales 1
a: Divine Shield, Cleansing Flame, Summon Divine Warrior, Brand Weapon With Holy
Wrath, Renounce Religion


You were in the Dungeon.
You worshipped the Shining One.
The Shining One was exalted by your worship.
You were not hungry.

You visited 1 branch You collected 1906 gold pieces.
You spent 1500 gold pieces at shops.

Inventory:

Hand Weapons
 a - a +0 flail (weapon)
Missiles
 G - 15 tomahawks (quivered)
Armour
 p - a +0 pair of boots (worn)
 r - a +3 chain mail (worn)
 s - a +1 large shield (worn)
 E - a +0 pair of gloves (worn)
 F - a +1 cloak (worn)
Jewellery
 f - an amulet of regeneration (around neck)
 j - the ring "Jiommu Fiwn" (left hand) {rPois Str+4 SInv Stlth+}
   (You bought it in a shop in the Dungeon)

   [ring of poison resistance]

   It affects your strength (+4).
   It protects you from poison.
   It lets you see invisible.
   It makes you more stealthy.
 t - a +2 ring of evasion (right hand)
 J - an uncursed ring of ice
 L - an uncursed ring of protection from cold
Wands
 o - a wand of acid (7/15)
 x - a wand of paralysis (4/24)
Scrolls
 k - 2 scrolls of blinking
 m - 4 scrolls of remove curse
 n - 2 scrolls of amnesia
 v - 3 scrolls of enchant armour
 w - a scroll of recharging
 y - 10 scrolls of enchant weapon
 z - 2 scrolls of fear
 A - a scroll of magic mapping
 H - a scroll of immolation
Potions
 b - 3 potions of agility
 c - a potion of brilliance
 d - a potion of might
 g - 2 potions of heal wounds
 h - a potion of haste
 i - 4 potions of magic
 l - a potion of cure mutation
 u - 2 potions of resistance
 I - a potion of lignification
Comestibles
 q - 3 chunks of flesh
 B - 29 fruits
 C - 12 bread rations
 D - 12 meat rations


   Skills:
 * Level 17.1 Fighting
 * Level 17.3 Maces & Flails
 + Level 10.8 Throwing
 * Level 17.3 Armour
 * Level 15.7 Dodging
 * Level 17.2 Shields
 + Level 10.6 Invocations


You had 12 spell levels left.
You didn't know any spells.

Dungeon Overview and Level Annotations

Branches:
Dungeon (1/1)

Altars:
Cheibriados
Dithmenos
Elyvilon
Fedhas
Gozag
Hepliaklqana
Kikubaaqudgha
Makhleb
Nemelex Xobeh
Okawaru
Pakellas
Qazlal
Ru
Sif Muna
Trog
Ukayaw
Vehumet
Xom
Yredelemnul
Zin
The Shining One
Beogh
Jiyva
Lugonu

Shops:
D *:=?


Innate Abilities, Weirdness & Mutations

You reflexively headbutt those who attack you in melee.
You have a pair of horns on your head.
You are partially covered in slimy green scales. (AC +2)


Message History

You hit the ice dragon.
The ice dragon is heavily wounded.
You block the ice dragon's attack. The ice dragon barely misses you.
The ice dragon tramples you but does no damage.
You hit the ice dragon but do no damage.
Your headbutt misses the ice dragon.
The ice dragon is heavily wounded.
The ice dragon breathes frost at you. The blast of cold hits you!
* * * LOW HITPOINT WARNING * * *
You sock the ice dragon! You headbutt the ice dragon!!
The ice dragon is almost dead.
You hit the ice dragon but do no damage.
You headbutt the ice dragon, but do no damage.
The ice dragon is almost dead.
You block the ice dragon's attack. x3
You hit the ice dragon.
The ice dragon is almost dead.
You block the ice dragon's attack. The ice dragon claws you!
You die...

▓▓▓▓▓▓▓▓▓▓▓▓▓▓▓▓▓▓▓▓▓▓▓▓
TTDCcQD@)†)'(...........
▓▓▓▓▓▓▓▓▓▓▓▓▓▓▓▓▓▓▓▓▓▓▓▓▓▓▓▓▓▓▓▓▓
.................................
▓▓▓▓▓▓▓▓▓▓▓▓▓▓▓▓▓▓▓▓▓▓▓▓▓▓▓▓▓▓▓▓▓
)['.....÷)))'.........'%.%.......
▓▓▓▓▓▓▓▓▓▓▓▓▓▓▓▓▓▓▓▓▓▓▓▓▓▓▓▓▓▓▓▓▓
....)............................
▓▓▓▓▓▓▓▓▓▓▓▓▓▓▓▓▓▓▓▓▓▓▓▓▓▓▓▓▓▓▓▓▓
......[.[[[[[[.)))))))).==..'....


You could see 2 ice dragons, a stone giant, a yaktaur captain, a tengu warrior,
a deep troll shaman and a troll.

Vanquished Creatures
  A thorn hunter (D)
  A greater naga (D)
  Wiglaf (D)
  2 fire dragons (D)
  A catoblepas (D)
  3 ice dragons (D)
  A hydra (D)
  2 alligators (D)
  2 ogre magi (D)
  4 orc high priests (D)
  A fire crab (shapeshifter) (D)
  A swamp dragon (D)
  An orc knight (D)
  A griffon (D)
  An ugly thing (D)
  A harpy (D)
  A wizard (D)
  2 hornets (D)
  A wolf spider (D)
  5 black mambas (D)
  A siren (D)
  3 naga magi (D)
  Joseph (D)
  4 spiny frogs (D)
  A torpor snail (D)
  A freezing wraith (D)
  2 yaktaurs (D)
  A komodo dragon (D)
  A jumping spider (D)
  A wind drake (D)
  2 merfolk (D)
  A giant leech (D)
  A boulder beetle (D)
  2 blink frogs (D)
  A slime creature (D)
  2 snapping turtles (D)
  A redback (D)
  A water elemental (D)
  A tarantella (D)
  2 hippogriffs (D)
  3 vampire mosquitoes (D)
  A naga (D)
  A mottled dragon (D)
  5 water moccasins (D)
  A porcupine (D)
  An ice beast (D)
  A black bear (D)
  A sky beast (D)
  2 wasps (D)
  15 orc warriors (D)
  A crocodile (D)
  4 giant frogs (D)
  2 killer bees (D)
  2 howler monkeys (D)
  2 crimson imps (D)
  3 orc priests (D)
  4 orc wizards (D)
  2 river rats (D)
  2 adders (D)
  2 shadow imps (D)
  8 orcs (D)
  A ball python (D)
  A bat zombie (D)
  A giant cockroach zombie (D)
  A giant newt (D)
  A goblin (D)
  A kobold (D)
  A rat (D)
133 creatures vanquished.

Vanquished Creatures (collateral kills)
  An emperor scorpion (D)
  5 orc high priests (D)
  A redback (D)
  3 orc priests (D)
10 creatures vanquished.

Vanquished Creatures (others)
  An entropy weaver (D)
  A spatial maelstrom (D)
2 creatures vanquished.

Grand Total: 145 creatures vanquished

Notes
Turn   | Place    | Note
--------------------------------------------------------------
     0 | D        | Kidiri the Minotaur Fighter began the quest for the Orb.
     0 | D        | Reached XP level 1. HP: 19/19 MP: 0/0
    18 | D        | Banished a spatial maelstrom
   147 | D        | Noticed a howler monkey
   147 | D        | Noticed a crimson imp
   147 | D        | Noticed a howler monkey
   149 | D        | Reached skill level 1 in Dodging
   151 | D        | Killed a howler monkey
   151 | D        | Reached skill level 1 in Throwing
   151 | D        | Reached skill level 5 in Armour
   151 | D        | Reached XP level 2. HP: 28/28 MP: 1/1
   151 | D        | Reached XP level 3. HP: 35/35 MP: 2/2
   158 | D        | Reached skill level 5 in Fighting
   158 | D        | Reached skill level 5 in Maces & Flails
   158 | D        | Reached skill level 5 in Shields
   158 | D        | Reached XP level 4. HP: 42/42 MP: 3/3
   174 | D        | Found a glowing silver altar of Zin.
   174 | D        | Found a glowing golden altar of the Shining One.
   174 | D        | Found an ancient bone altar of Kikubaaqudgha.
   174 | D        | Found a basalt altar of Yredelemnul.
   174 | D        | Found a shimmering altar of Xom.
   174 | D        | Found a radiant altar of Vehumet.
   175 | D        | Found an iron altar of Okawaru.
   176 | D        | Found a burning altar of Makhleb.
   177 | D        | Found a deep blue altar of Sif Muna.
   178 | D        | Found a bloodstained altar of Trog.
   179 | D        | Found a sparkling altar of Nemelex Xobeh.
   180 | D        | Found a white marble altar of Elyvilon.
   181 | D        | Found a roughly hewn altar of Beogh.
   182 | D        | Found a viscous altar of Jiyva.
   188 | D        | Became a worshipper of the Shining One
   289 | D        | Found a corrupted altar of Lugonu.
   290 | D        | Found a blossoming altar of Fedhas.
   291 | D        | Found a snail-covered altar of Cheibriados.
   292 | D        | Found a shadowy altar of Dithmenos.
   293 | D        | Found a stormy altar of Qazlal.
   294 | D        | Found an opulent altar of Gozag.
   295 | D        | Found a sacrificial altar of Ru.
   296 | D        | Found an oddly glowing altar of Pakellas.
   297 | D        | Found a hide-covered altar to Ukayaw.
   298 | D        | Found a hazy altar of Hepliaklqana.
   348 | D        | Reached * piety under the Shining One
   348 | D        | Noticed an ice beast
   348 | D        | Noticed a black bear
   348 | D        | Noticed an orc warrior
   356 | D        | Killed an orc warrior
   356 | D        | Reached skill level 1 in Invocations
   356 | D        | Reached XP level 5. HP: 32/51 MP: 3/5
   363 | D        | Killed a black bear
   363 | D        | Reached skill level 5 in Dodging
   363 | D        | Reached XP level 6. HP: 28/60 MP: 3/6
   369 | D        | Killed an ice beast
   531 | D        | Noticed a water moccasin
   531 | D        | Reached ** piety under the Shining One
   531 | D        | Noticed a sky beast
   531 | D        | Noticed an orc warrior
   531 | D        | Noticed a fire crab
   541 | D        | Killed a fire crab
   541 | D        | Reached XP level 7. HP: 30/70 MP: 7/9
   549 | D        | Reached skill level 5 in Throwing
   549 | D        | Reached XP level 8. HP: 35/78 MP: 7/10
   564 | D        | Reached skill level 10 in Armour
   574 | D        | Gained mutation: You are partially covered in slimy green scales. (AC +2) [mutagenic meat]
   575 | D        | Gained mutation: You are weak. (Str -2) [mutagenic meat]
   576 | D        | Gained mutation: Your spells are a little easier to cast, but a little less powerful. [mutagenic meat]
   910 | D        | Noticed a spiny frog
   910 | D        | Noticed a komodo dragon
   910 | D        | Reached *** piety under the Shining One
   915 | D        | Reached skill level 10 in Fighting
   922 | D        | Reached skill level 10 in Shields
   927 | D        | Noticed a black mamba
   929 | D        | Reached skill level 10 in Maces & Flails
   940 | D        | Killed a komodo dragon
   940 | D        | Reached skill level 5 in Invocations
   954 | D        | Killed a spiny frog
   954 | D        | Reached XP level 9. HP: 26/86 MP: 11/11
   964 | D        | HP: 3/86 [poisoned by a black mamba]
   969 | D        | HP: 4/86 [poisoned by a black mamba]
   973 | D        | Killed a black mamba
  1293 | D        | Noticed a spiny frog
  1293 | D        | Noticed a torpor snail
  1293 | D        | Reached **** piety under the Shining One
  1317 | D        | Killed a torpor snail
  1317 | D        | Reached skill level 10 in Dodging
  1327 | D        | Killed a spiny frog
  1336 | D        | Reached XP level 10. HP: 97/97 MP: 13/13
  1453 | D        | Noticed a spiny frog
  1453 | D        | Reached ***** piety under the Shining One
  1453 | D        | Noticed a spiny frog
  1457 | D        | Killed a spiny frog
  1471 | D        | Killed a spiny frog
  1657 | D        | Reached ****** piety under the Shining One
  1757 | D        | Noticed an orc knight
  1799 | D        | Killed an orc knight
  1959 | D        | Found Biegh's Magic Scroll Boutique.
  1959 | D        | Noticed an orc high priest
  1959 | D        | Noticed an orc high priest
  1959 | D        | Noticed an orc high priest
  1959 | D        | Noticed an orc high priest
  1959 | D        | Noticed an orc high priest
  1960 | D        | Noticed a rust devil
  1976 | D        | Noticed an orc high priest
  1987 | D        | Killed an orc high priest
  1993 | D        | Noticed a smoke demon
  1996 | D        | Noticed an orc high priest
  2003 | D        | Killed an orc high priest
  2003 | D        | Reached XP level 11. HP: 68/107 MP: 15/15
  2004 | D        | Found Medotuh's Jewellery Shop.
  2005 | D        | Noticed a sun demon
  2007 | D        | Killed an orc high priest
  2008 | D        | Noticed an orc high priest
  2014 | D        | Killed an orc high priest
  2018 | D        | Found Yfena's Book Boutique.
  2026 | D        | Killed an orc high priest
  2028 | D        | Killed an orc high priest
  2035 | D        | Killed an orc high priest
  2042 | D        | Noticed an orc high priest
  2043 | D        | Killed an orc high priest
  2049 | D        | Killed an orc high priest
  2051 | D        | HP: 3/110 [orc priest/divine providence (12)]
  2496 | D        | Found Usenuapp's Assorted Antiques.
  2499 | D        | Bought a scroll of enchant weapon for 75 gold pieces
  2501 | D        | Bought an uncursed amulet of regeneration for 300 gold pieces
  2501 | D        | Bought the ring "Jiommu Fiwn" {rPois Str+4 SInv Stlth+} for 424 gold pieces
  2508 | D        | Bought a scroll labeled PIBLAU ZONIOPT for 22 gold pieces
  2508 | D        | Bought a fizzy golden potion for 19 gold pieces
  2508 | D        | Bought a gilded ring for 110 gold pieces
  2508 | D        | Bought a potion of resistance for 220 gold pieces
  2508 | D        | Bought a scroll of enchant weapon for 165 gold pieces
  2508 | D        | Bought a scroll of enchant armour for 165 gold pieces
  2688 | D        | Noticed Joseph
  2694 | D        | Paralysed by Joseph for 3 turns
  2700 | D        | Killed Joseph
  2835 | D        | Lost mutation: You are weak. (Str -2) [potion of cure mutation]
  2835 | D        | Lost mutation: Your spells are a little easier to cast, but a little less powerful. [potion of cure mutation]
  2838 | D        | Noticed a catoblepas
  2845 | D        | Noticed a fire dragon
  2850 | D        | Noticed an ogre mage
  2903 | D        | Noticed a red ugly thing
  2919 | D        | Killed a catoblepas
  2946 | D        | Noticed an ice dragon
  2950 | D        | Killed a fire dragon
  2958 | D        | Killed an ogre mage
  2976 | D        | Killed a red ugly thing
  2994 | D        | Killed an ice dragon
  2994 | D        | Reached skill level 15 in Armour
  3025 | D        | Noticed an ogre mage
  3026 | D        | Noticed a fire dragon
  3035 | D        | Killed an ogre mage
  3035 | D        | Reached skill level 15 in Fighting
  3035 | D        | Reached skill level 15 in Maces & Flails
  3035 | D        | Reached skill level 15 in Shields
  3035 | D        | Reached XP level 12. HP: 119/119 MP: 17/17
  3048 | D        | Killed a fire dragon
  3118 | D        | Noticed Wiglaf
  3146 | D        | Killed Wiglaf
  3249 | D        | Noticed an entropy weaver
  3254 | D        | Noticed an emperor scorpion
  3275 | D        | Killed an entropy weaver
  3342 | D        | Killed an emperor scorpion
  3597 | D        | Noticed a greater naga
  3612 | D        | Killed a greater naga
  3612 | D        | Reached skill level 10 in Throwing
  3632 | D        | Reached skill level 10 in Invocations
  3648 | D        | Reached skill level 15 in Dodging
  3686 | D        | Noticed an alligator
  3686 | D        | Noticed an eight-headed hydra
  3689 | D        | Noticed an alligator
  3694 | D        | Killed an eight-headed hydra
  3696 | D        | Noticed a thorn hunter
  3704 | D        | Reached XP level 13. HP: 125/130 MP: 17/19
  3766 | D        | Killed a thorn hunter
  3951 | D        | Noticed a stone giant
  3980 | D        | HP: 5/132 [ice dragon/blast of cold (40)]
  3983 | D        | Slain by an ice dragon

Vault maps used:
D:        linesprint

Skill      XL: |  1  2  3  4  5  6  7  8  9 10 11 12 13 |
---------------+----------------------------------------+-----
Armour         | 5 6 7 9 11 12 13 15 16 17 | 17.3
Dodging        | 2 3 4 5 7 9 10 12 13 15 | 15.7
Shields        | 4 5 6 7 9 10 11 13 15 16 17 | 17.2
Fighting       | 4 5 6 7 9 10 11 13 15 16 17 | 17.1
Maces & Flails | 4 5 6 9 10 11 13 15 16 17 | 17.3
Throwing       | 1 2 3 4 5 6 7 9 10 | 10.8
Invocations    | 1 2 4 5 6 7 8 10 | 10.6

Action                   |  1- 3 |  4- 6 |  7- 9 | 10-12 | 13-15 || total
-------------------------+-------+-------+-------+-------+-------++-------
Melee: Flail             |    30 |    44 |   127 |   557 |   109 ||   867
       Headbutt          |     6 |    12 |    21 |   146 |    33 ||   218
Throw: Tomahawk          |       |       |       |     8 |       ||     8
Invok: Divine Shield     |       |       |     4 |    16 |     2 ||    22
       Cleansing Flame   |       |       |       |     3 |     1 ||     4
       Summon Divine War |       |       |       |     2 |       ||     2
  Use: Potion            |       |     1 |     4 |     7 |     2 ||    14
       Scroll            |       |       |       |     2 |       ||     2
  Eat: Chunk             |       |       |     4 |     1 |       ||     5
       Bread ration      |       |       |     1 |       |       ||     1
       Fruit             |       |       |       |    11 |       ||    11
Armor: Scale mail        |    16 |     2 |       |       |       ||    18
       Chain mail        |       |    16 |    19 |    63 |    28 ||   126
       Plate armour      |       |       |       |    27 |       ||    27
Dodge: Dodged            |     7 |    16 |    34 |   107 |    23 ||   187
Block: Shield            |    20 |    25 |    98 |   129 |       ||   272
       Large shield      |       |       |       |   397 |   119 ||   516
